 Dungeon Crawl Stone Soup version 0.29.0-4-gdea44cf6ec (webtiles) character file.

Game seed: 13205187988611813674

2335 qw the Cleaver (level 9, -4/57 HPs)
             Began as a Gargoyle Berserker on Sept 5, 2022.
             Was a Priest of Trog.
             Killed from afar by an orc wizard (11 damage)
             ... with a puff of flame
             ... on level 6 of the Dungeon.
             The game lasted 00:02:45 (7948 turns).

qw the Cleaver (Gargoyle Berserker)                 Turns: 7948, Time: 00:02:45

Health: -4/57      AC: 19    Str: 32    XL:     9   Next: 42%
Magic:  9/9        EV:  9    Int:  7    God:    Trog [***...]
Gold:   352        SH:  0    Dex:  6    Spells: 8/8 levels left

rFire   . . .      SeeInvis +   Y - +0 broad axe
rCold   + . .      Faith    .   (no shield)
rNeg    + . .      Spirit   .   b - +0 chain mail
rPois   inf        Reflect  .   q - +1 hat of Undesirable Species {rC+ Dex-3 Stlth+}
rElec   +          Harm     .   (no cloak)
rCorr   .          Rampage  .   e - +0 pair of gloves
Will    .....                   f - +0 pair of boots
Stlth   ..........              s - amulet of regeneration
HPRegen 0.99/turn               m - ring of see invisible
MPRegen 0.11/turn               o - +6 ring of strength

@: confused, on berserk cooldown, slowed, very slow
A: sickness immunity, AC +6, negative energy resistance 1, electricity
resistance, torment resistance 1, petrification resistance
a: Renounce Religion, Berserk, Trog's Hand


You were on level 6 of the Dungeon.
You worshipped Trog.
Trog was most pleased with you.
You visited 1 branch of the dungeon, and saw 6 of its levels.

You collected 352 gold pieces.


Innate Abilities, Weirdness & Mutations

You are immune to sickness and miasma.
Your stone body is resilient. (AC +6)
You are immune to poison.
You resist negative energy. (rN+)
You are resistant to electric shocks. (rElec)
You are resistant to unholy torment.
You are immune to petrification.


   Skills:
 - Level 7.1 Fighting
 + Level 9.3 Axes
 - Level 2.0 Throwing
 - Level 5.2 Armour
 - Level 1.5 Dodging


You had 8 spell levels left.
You didn't know any spells.
Your spell library was empty.

Inventory:

Hand Weapons
 j - a +0 vampiric whip
 p - the +6 whip "Cumier" {antimagic, rF+}
   (You found it on level 4 of the Dungeon)

   It reduces the magical energy of the wielder, and disrupts the spells and
   magical abilities of those it strikes.
   Natural abilities and divine invocations are not affected.
   rF:        It protects you from fire.
 Y - a +0 broad axe (weapon)
Armour
 b - a +0 chain mail (worn)
 d - a +1 hat
 e - a +0 pair of gloves (worn)
 f - a +0 pair of boots (worn)
 q - the +1 hat of Undesirable Species (worn) {rC+ Dex-3 Stlth+}
   (You found it on level 4 of the Dungeon)

   Dex:       It affects your dexterity (-3).
   rC:        It protects you from cold.
   Stlth:     It makes you more stealthy.
 t - a +0 kite shield
Jewellery
 k - the amulet of Benevolence {Reflect Int+7 Slay+3 SH+5}
   (You found it on level 6 of the Dungeon)

   [amulet of reflection]

   It reflects blocked missile attacks.
   Int:       It affects your intelligence (+7).
   Slay:      It affects your accuracy & damage with ranged weapons and melee
   (+3).
   SH:        It affects your SH (+5).
 m - a ring of see invisible (left hand)
 o - a +6 ring of strength (right hand)
 s - an amulet of regeneration (around neck)
 v - the ring of Wutemaf {rCorr Int+6}
   (You found it on level 6 of the Dungeon)

   [ring of resist corrosion]

   Int:       It affects your intelligence (+6).
   rCorr:     It protects you from acid and corrosion.
Scrolls
 a - 2 scrolls of identify
 g - a scroll of summoning {unknown}
 u - a scroll of brand weapon {unknown}
Potions
 c - 3 potions of heal wounds
 h - a potion of haste
 i - 2 potions of curing {unknown}
 l - a potion of ambrosia {unknown}
 n - a potion of magic {unknown}
 r - a potion of resistance {unknown}
 w - a potion of might
 x - a potion of degeneration {unknown}

Dungeon Overview and Level Annotations

Branches:
Dungeon (6/15)
 Temple: D:4-7

Altars:


Message History

The orc priest hits you but does no damage.
The orc priest hits you with a +0 war axe.
The orc priest calls down the wrath of Beogh upon you.
Beogh smites you!
The orc wizard hits you but does no damage.
You barely miss the orc wizard.
The orc wizard is severely wounded.
You barely miss the orc priest. x2
The orc wizard hits you but does no damage.
The orc priest calls upon Beogh to heal the orc priest.
The orc priest is healed somewhat.
The orc priest barely misses you.
The orc wizard attacks as you move away!
The orc wizard hits you but does no damage.
The orc wizard points at you and mumbles some strange words.
The magic dart hits you but does no damage.
The orc priest hits you but does no damage.
The orc priest calls down the wrath of Beogh upon you.
Pain shoots through your body!
You're too confused to move!
The orc wizard closely misses you. The orc priest closely misses you.
The orc priest hits you but does no damage.
You're too confused to move!
The orc wizard hits you but does no damage.
The orc priest closely misses you. The orc priest completely misses you.
The orc priest calls upon Beogh to heal the orc priest.
The orc priest is healed somewhat.
The orc priest barely misses you. The orc wizard barely misses you.
You barely miss the orc wizard.
The orc wizard is severely wounded.
You closely miss the orc priest. x2
The orc wizard hits you but does no damage.
The orc priest hits you but does no damage.
The orc priest mumbles some strange prayers to Beogh against you.
Beogh smites you! The orc priest closely misses you.
The orc priest calls down the wrath of Beogh upon you.
Beogh smites you!
The orc wizard points at you and mumbles some strange words.
The puff of flame hits you!
You die...

.....## ##..###.## ....##
##..##..## ### #####
##.###..####.# ##..###......##
######...# ###.....# ##........#
###.[.# #.........#######..##
######.....o.......#
###...o@....)## #...o......#
##.##.......## . #
##.####..###..## ..# ##.####...#
##..## #.#######..# #....##
##..##
...##.....###.(##..#####..######.
...#......##..####...####........
.............##............######


You could see 2 orc priests and an orc wizard.

Vanquished Creatures
  Grinder (D:4)
  Eustachio (D:4)
  Menkaure (D:6)
  Edmund (D:5)
  2 water moccasins (D:6)
  2 ogres
  A centaur (D:6)
  2 phantoms (D:6)
  Blork the orc (D:5)
  A necrophage (D:6)
  A gnoll sergeant (D:6)
  3 scorpions (D:5)
  A howler monkey (D:6)
  2 jellies
  3 orc priests
  2 hounds
  3 iguanas
  9 orc wizards
  7 gnolls
  6 adders
  3 worms
  2 dart slugs (D:4)
  17 orcs
  6 ball pythons
  13 endoplasms
  6 giant cockroaches
  7 goblins
  12 hobgoblins
  4 jackals (D:1)
  3 quokkas
  11 bats
  3 frilled lizards
  6 kobolds
  6 rats
149 creatures vanquished.

Notes
Turn   | Place    | Note
-------+----------+-------------------------------------------
     0 | D:1      | qw the Gargoyle Berserker began the quest for the Orb.
     0 | D:1      | Reached XP level 1. HP: 14/14 MP: 1/1
     0 | D:1      | 0 ||| qw: Version: 0.1-a-104-g96f76f8
     0 | D:1      | 0 ||| qw: Game counter: 5951
     0 | D:1      | 0 ||| qw: Always use a shield: true
     0 | D:1      | 0 ||| qw: Do Orc after D:15 true
     0 | D:1      | 0 ||| qw: Do second Lair branch before Depths: true
     0 | D:1      | 0 ||| qw: Lair rune preference: random
     0 | D:1      | 0 ||| qw: Plans: Normal
     0 | D:1      | 0 ||| PLANNING D:1-11
   274 | D:1      | Reached skill level 3 in Axes
   427 | D:1      | Reached XP level 2. HP: 17/19 MP: 2/2
  1182 | D:1      | Found a faded altar of an unknown god.
  1287 | D:1      | 1287 ||| Stepping ~*~*~tactically~*~*~ (stealth).
  1294 | D:1      | 1294 ||| Stepping ~*~*~tactically~*~*~ (stealth).
  1296 | D:1      | 1296 ||| Stepping ~*~*~tactically~*~*~ (stealth).
  1298 | D:1      | 1298 ||| Stepping ~*~*~tactically~*~*~ (stealth).
  1300 | D:1      | 1300 ||| Stepping ~*~*~tactically~*~*~ (stealth).
  1307 | D:1      | Reached XP level 3. HP: 20/23 MP: 3/3
  1315 | D:1      | 1315 ||| INVOKING Berserk.
  1504 | D:1      | 1504 ||| DROPPING +0 club.
  1626 | D:1      | 1626 ||| Stepping ~*~*~tactically~*~*~ (stealth).
  1633 | D:1      | Reached ** piety under Trog
  1779 | D:1      | 1779 ||| UPGRADING to +0 pair of gloves.
  1784 | D:1      | 1784 ||| UPGRADING to +0 leather armour.
  1794 | D:1      | 1794 ||| DROPPING +0 animal skin.
  1795 | D:1      | 1795 ||| UPGRADING to +0 ring mail.
  1805 | D:1      | 1805 ||| DROPPING +0 leather armour.
  1806 | D:1      | 1806 ||| READING 2 scrolls labelled RYSSOY BIUFAA.
  1807 | D:1      | 1807 ||| READING scroll labelled IREKAOKOIPI.
  1871 | D:2      | 1871 ||| INVOKING Berserk.
  1874 | D:2      | Reached skill level 4 in Axes
  2004 | D:2      | 2004 ||| INVOKING Berserk.
  2407 | D:2      | Reached XP level 4. HP: 23/28 MP: 4/4
  2445 | D:2      | 2445 ||| Stepping ~*~*~tactically~*~*~ (stealth).
  2451 | D:2      | 2451 ||| Stepping ~*~*~tactically~*~*~ (stealth).
  2452 | D:2      | 2452 ||| Stepping ~*~*~tactically~*~*~ (stealth).
  2596 | D:2      | 2596 ||| Stepping ~*~*~tactically~*~*~ (stealth).
  2597 | D:2      | 2597 ||| Stepping ~*~*~tactically~*~*~ (stealth).
  2757 | D:2      | 2757 ||| FLEEEEING.
  2758 | D:2      | 2758 ||| FLEEEEING.
  2759 | D:2      | 2759 ||| FLEEEEING.
  2760 | D:2      | 2760 ||| FLEEEEING.
  2761 | D:2      | 2761 ||| FLEEEEING.
  2762 | D:2      | 2762 ||| FLEEEEING.
  2763 | D:2      | 2763 ||| FLEEEEING.
  2764 | D:2      | 2764 ||| FLEEEEING.
  2765 | D:2      | 2765 ||| FLEEEEING.
  2766 | D:2      | 2766 ||| FLEEEEING.
  2767 | D:2      | 2767 ||| FLEEEEING.
  2768 | D:2      | 2768 ||| FLEEEEING.
  2769 | D:2      | 2769 ||| FLEEEEING.
  2770 | D:2      | 2770 ||| FLEEEEING.
  2771 | D:2      | 2771 ||| FLEEEEING.
  2772 | D:2      | 2772 ||| FLEEEEING.
  2773 | D:2      | 2773 ||| FLEEEEING.
  2774 | D:2      | 2774 ||| FLEEEEING.
  2775 | D:2      | 2775 ||| FLEEEEING.
  2776 | D:2      | 2776 ||| FLEEEEING.
  2777 | D:2      | 2777 ||| FLEEEEING.
  2778 | D:2      | 2778 ||| FLEEEEING.
  2779 | D:2      | 2779 ||| FLEEEEING.
  2780 | D:2      | 2780 ||| FLEEEEING.
  2781 | D:2      | 2781 ||| FLEEEEING.
  2782 | D:2      | 2782 ||| FLEEEEING.
  2783 | D:2      | 2783 ||| FLEEEEING.
  2784 | D:2      | 2784 ||| FLEEEEING.
  2785 | D:2      | 2785 ||| FLEEEEING.
  2786 | D:2      | 2786 ||| FLEEEEING.
  2787 | D:2      | 2787 ||| FLEEEEING.
  2926 | D:2      | 2926 ||| Stepping ~*~*~tactically~*~*~ (stealth).
  2927 | D:2      | 2927 ||| Stepping ~*~*~tactically~*~*~ (stealth).
  2929 | D:2      | 2929 ||| Stepping ~*~*~tactically~*~*~ (hiding).
  2931 | D:2      | 2931 ||| INVOKING Berserk.
  2944 | D:2      | Reached skill level 5 in Axes
  2959 | D:2      | Reached XP level 5. HP: 18/32 MP: 5/5
  3094 | D:2      | 3094 ||| UPGRADING to +0 chain mail.
  3104 | D:2      | 3104 ||| DROPPING +0 ring mail.
  3105 | D:2      | 3105 ||| READING scroll labelled HOIPAN UZXYZURA.
  3108 | D:2      | 3108 ||| READING scroll labelled GENKAVV QUKKAGOA.
  3109 | D:2      | 3109 ||| READING scroll labelled JUMMAI GAODO.
  3109 | D:2      | Identified a scroll of acquirement
  3109 | D:2      | 3109 ||| ACQUIRING +1 hat
  3109 | D:2      | Acquired a +1 hat
  3111 | D:2      | 3111 ||| UPGRADING to +1 hat.
  3140 | D:3      | 3140 ||| Stepping ~*~*~tactically~*~*~ (stealth).
  3141 | D:3      | 3141 ||| Stepping ~*~*~tactically~*~*~ (stealth).
  3144 | D:3      | 3144 ||| Stepping ~*~*~tactically~*~*~ (stealth).
  3268 | D:3      | 3268 ||| FLEEEEING.
  3269 | D:3      | 3269 ||| FLEEEEING.
  3270 | D:3      | 3270 ||| FLEEEEING.
  3271 | D:3      | 3271 ||| FLEEEEING.
  3272 | D:3      | 3272 ||| FLEEEEING.
  3273 | D:3      | 3273 ||| FLEEEEING.
  3303 | D:3      | 3303 ||| Stepping ~*~*~tactically~*~*~ (stealth).
  3305 | D:3      | 3305 ||| Stepping ~*~*~tactically~*~*~ (stealth).
  3416 | D:3      | 3416 ||| Stepping ~*~*~tactically~*~*~ (stealth).
  3420 | D:3      | 3420 ||| Stepping ~*~*~tactically~*~*~ (hiding).
  3421 | D:3      | 3421 ||| INVOKING Berserk.
  3426 | D:3      | Reached skill level 1 in Throwing
  3765 | D:3      | Noticed an ogre
  3769 | D:3      | 3769 ||| INVOKING Berserk.
  3772 | D:3      | Killed an ogre
  3773 | D:3      | Reached XP level 6. HP: 38/38 MP: 6/6
  3939 | D:3      | Reached *** piety under Trog
  4117 | D:3      | 4117 ||| INVOKING Berserk.
  4125 | D:3      | Reached skill level 6 in Axes
  4552 | D:3      | 4552 ||| UPGRADING to ring of see invisible.
  4553 | D:3      | 4553 ||| UPGRADING to +6 ring of strength.
  4554 | D:3      | 4554 ||| READING scroll labelled PYUQEU GYSU.
  4555 | D:3      | 4555 ||| READING scroll labelled LESANT OGOD.
  4556 | D:3      | 4556 ||| READING 5 scrolls of identify.
  4556 | D:3      | 4556 ||| IDENTIFYING murky silvery potion
  4557 | D:3      | 4557 ||| READING 4 scrolls of identify.
  4557 | D:3      | 4557 ||| IDENTIFYING yellow potion
  4558 | D:3      | 4558 ||| READING 3 scrolls of identify.
  4558 | D:3      | 4558 ||| IDENTIFYING sedimented blue potion
  4559 | D:3      | 4559 ||| READING 2 scrolls of identify.
  4559 | D:3      | 4559 ||| IDENTIFYING blue potion
  4560 | D:3      | 4560 ||| DROPPING potion of lignification.
  4561 | D:3      | 4561 ||| DROPPING potion of attraction.
  4595 | D:4      | 4595 ||| Stepping ~*~*~tactically~*~*~ (hiding).
  4800 | D:4      | Reached skill level 3 in Armour
  4846 | D:4      | Noticed Eustachio
  4852 | D:4      | 4852 ||| INVOKING Berserk.
  4864 | D:4      | Killed Eustachio
  4865 | D:4      | Reached XP level 7. HP: 36/43 MP: 7/7
  5032 | D:4      | Found the +18 Lear's hauberk
  5182 | D:4      | Noticed Grinder
  5183 | D:4      | 5183 ||| Stepping ~*~*~tactically~*~*~ (hiding).
  5184 | D:4      | 5184 ||| Stepping ~*~*~tactically~*~*~ (hiding).
  5189 | D:4      | 5189 ||| INVOKING Trog's Hand.
  5190 | D:4      | 5190 ||| INVOKING Berserk.
  5195 | D:4      | Killed Grinder
  5196 | D:4      | Reached skill level 7 in Axes
  5312 | D:4      | Identified the +6 whip "Cumier" {antimagic, rF+}
  5392 | D:4      | 5392 ||| INVOKING Berserk.
  5507 | D:4      | Identified the +1 hat of Undesirable Species {rC+ Dex-3
                  | Stlth+}
  5709 | D:4      | 5709 ||| UPGRADING to +0 pair of boots.
  5714 | D:4      | 5714 ||| UPGRADING to +1 hat of Undesirable Species {rC+
                  | Dex-3 Stlth+}.
  5724 | D:4      | 5724 ||| READING scroll labelled PIETAUTYSA.
  5725 | D:4      | 5725 ||| READING scroll labelled LOCUIQAWIS.
  5750 | D:5      | Entered Level 5 of the Dungeon
  5796 | D:5      | Reached XP level 8. HP: 46/48 MP: 8/8
  5835 | D:5      | Noticed Edmund
  5836 | D:5      | 5836 ||| Stepping ~*~*~tactically~*~*~ (hiding).
  5839 | D:5      | 5839 ||| Stepping ~*~*~tactically~*~*~ (hiding).
  5841 | D:5      | 5841 ||| INVOKING Berserk.
  5845 | D:5      | Killed Edmund
  5851 | D:5      | Reached skill level 8 in Axes
  5868 | D:5      | 5868 ||| Stepping ~*~*~tactically~*~*~ (stealth).
  5875 | D:5      | 5875 ||| Stepping ~*~*~tactically~*~*~ (hiding).
  5904 | D:5      | 5904 ||| INVOKING Berserk.
  6033 | D:5      | 6033 ||| SWAPPING to +2 vorpal hand axe.
  6034 | D:5      | 6034 ||| DROPPING +1 hand axe.
  6164 | D:5      | Noticed Blork the orc
  6171 | D:5      | 6171 ||| INVOKING Berserk.
  6178 | D:5      | Killed Blork the orc
  6209 | D:5      | 6209 ||| Stepping ~*~*~tactically~*~*~ (stealth).
  6212 | D:5      | 6212 ||| Stepping ~*~*~tactically~*~*~ (stealth).
  6217 | D:5      | 6217 ||| Stepping ~*~*~tactically~*~*~ (stealth).
  6218 | D:5      | 6218 ||| Stepping ~*~*~tactically~*~*~ (stealth).
  6219 | D:5      | 6219 ||| Stepping ~*~*~tactically~*~*~ (stealth).
  6227 | D:5      | 6227 ||| Stepping ~*~*~tactically~*~*~ (stealth).
  6246 | D:5      | Reached skill level 6 in Fighting
  6326 | D:5      | 6326 ||| READING scroll of acquirement.
  6326 | D:5      | 6326 ||| ACQUIRING amulet of regeneration
  6326 | D:5      | Acquired an amulet of regeneration
  6328 | D:5      | 6328 ||| UPGRADING to amulet of regeneration.
  6624 | D:5      | 6624 ||| SWAPPING to +0 broad axe.
  6627 | D:5      | 6627 ||| INVOKING Berserk.
  6733 | D:5      | 6733 ||| DROPPING +2 vorpal hand axe.
  6755 | D:5      | 6755 ||| INVOKING Berserk.
  6873 | D:5      | Noticed a two-headed ogre
  6874 | D:5      | Noticed a troll
  6959 | D:5      | 6959 ||| READING 2 scrolls labelled LIPHOXK XOSICU.
  6960 | D:5      | 6960 ||| READING scroll labelled FAIMMO WACVI.
  6961 | D:5      | 6961 ||| DROPPING scroll of vulnerability.
  6986 | D:6      | Noticed Menkaure
  6987 | D:6      | 6987 ||| Stepping ~*~*~tactically~*~*~ (hiding).
  6988 | D:6      | 6988 ||| Stepping ~*~*~tactically~*~*~ (hiding).
  6989 | D:6      | 6989 ||| Stepping ~*~*~tactically~*~*~ (hiding).
  6991 | D:6      | 6991 ||| INVOKING Berserk.
  6994 | D:6      | Killed Menkaure
  6995 | D:6      | Reached skill level 9 in Axes
  7123 | D:6      | Reached XP level 9. HP: 56/56 MP: 9/9
  7210 | D:6      | 7210 ||| Stepping ~*~*~tactically~*~*~ (hiding).
  7211 | D:6      | 7211 ||| Stepping ~*~*~tactically~*~*~ (hiding).
  7212 | D:6      | 7212 ||| Stepping ~*~*~tactically~*~*~ (hiding).
  7484 | D:6      | 7484 ||| INVOKING Berserk.
  7593 | D:6      | Identified the ring of Wutemaf {rCorr Int+6}
  7619 | D:6      | Identified the amulet of Benevolence {Reflect Int+7 Slay+3
                  | SH+5}
  7936 | D:6      | 7936 ||| INVOKING Berserk.
  7948 | D:6      | HP: 7/57 [orc priest/divine providence (9)]
  7948 | D:6      | Killed from afar by an orc wizard

Levels and vault maps discovered:
D:1:      dpeg_arrival_central, layout_basic, basic_ecumenical_altar,
          minmay_misc_feat_secret_circle
D:2:      minmay_angry_zag, layout_loops_cross
D:3:      minmay_evil_eye, layout_loops_corners
D:4:      layout_basic, uniq_eustachio, uniq_grinder
D:5:      layout_loops_ring, hex_large, corexii_leaking_fountain,
          lightli_corner_chamber, uniq_edmund, uniq_blork_the_orc
D:6:      layout_layer_cave, minivault_1, uniq_menkaure

Skill      XL: |  1  2  3  4  5  6  7  8  9 |
---------------+----------------------------+-----
Axes           | 3 4 5 6 7 9 |  9.3
Throwing       | 1 2 |  2.0
Fighting       | 4 6 7 |  7.1
Armour         | 3 4 5 |  5.2
Dodging        | |  1.5

Action                   |  1- 3 |  4- 6 |  7- 9 || total
-------------------------+-------+-------+-------++-------
Melee: Hand axe          |   133 |   184 |   118 ||   435
       Punch             |       |     1 |     3 ||     4
       Broad axe         |       |       |    91 ||    91
Throw: Boomerang         |       |    32 |    42 ||    74
Invok: Berserk           |     3 |     5 |    10 ||    18
       Trog's Hand       |       |       |     1 ||     1
  Use: Scroll            |     2 |     9 |     5 ||    16
Armor: Animal skin       |    34 |       |       ||    34
       Ring mail         |    20 |    24 |       ||    44
       Chain mail        |       |    74 |   133 ||   207
Dodge: Dodged            |    73 |    86 |   105 ||   264

Table legend:
 A = Non-vault XP
 B = Vault XP
 C = Vault XP percentage of total XP
 D = Non-vault monster count
 E = Vault monster count
 F = Vault count percentage of total count
                 A         B        C        D         E       F
            +---------+---------+-------+---------+---------+-------
      Total |    2412 |     924 |  27.7 |     133 |      16 |  10.7
            +---------+---------+-------+---------+---------+-------
        D:1 |      51 |       0 |   0.0 |      29 |       0 |   0.0
        D:2 |     117 |       9 |   7.1 |      23 |       5 |  17.9
        D:3 |     337 |      10 |   2.9 |      25 |       6 |  19.4
        D:4 |     144 |     473 |  76.7 |      15 |       2 |  11.8
        D:5 |     770 |     263 |  25.5 |      22 |       2 |   8.3
        D:6 |     993 |     169 |  14.5 |      19 |       1 |   5.0
            +---------+---------+-------+---------+---------+-------
